 Dungeon Sprint DCSS version 0.29-a0-322-g68df515428 (webtiles) character file.

Game seed: 16249871692746795989

30242 mhtbhm the Shatterer (level 13, -5/158 HPs)
             Began as a Troll Berserker on Apr 9, 2022.
             Was the Champion of Trog.
             Slain by a snapping turtle (27 damage)
             ... in the Dungeon (Sprint IX: "|||||||||||||||||||||||||||||").
             The game lasted 00:06:26 (2384 turns).

mhtbhm the Shatterer (Troll Berserker)              Turns: 2384, Time: 00:06:28

Health: -5/158     AC:  6    Str: 48    XL:     13   Next: 19%
Magic:  12/12      EV: 13    Int:  3    God:    Trog [******]
Gold:   318        SH:  0    Dex:  9    Spells: 12/12 levels left

rFire   . . .      SeeInvis .   a - +8 dire flail "Pujelaba" {vorpal, rElec Will- rCorr Str+7}
rCold   . . .      Faith    .   (shield currently unavailable)
rNeg    . . .      Spirit   .   b - +2 robe {Will+}
rPois   .          Reflect  .   (helmet restricted)
rElec   +          Harm     .   (no cloak)
rCorr   +          Rampage  .   (gloves unavailable)
Will    ++...      NoTele   +   (boots unavailable)
Stlth   ++........              u - amulet of the acrobat
HPRegen 2.16/turn               k - +3 ring of strength
MPRegen 0.13/turn               v - +6 ring of strength

@: strong-willed, on berserk cooldown, regenerating, slowed, very slow
A: large, unfitting armour, claws 3, regeneration 1, shaggy fur 1, tough skin 1
a: Renounce Religion, Berserk, Trog's Hand, Brothers in Arms


You were in the Dungeon.
You worshipped Trog.
Trog was exalted by your worship.
You visited 1 branch You collected 1933 gold pieces.
You spent 1615 gold pieces at shops.

Inventory:

Hand Weapons
 a - the +8 dire flail "Pujelaba" (weapon) {vorpal, rElec Will- rCorr Str+7}
   (Trog gifted it to you in the Dungeon)

   It inflicts extra damage upon your enemies.
   Str:       It affects your strength (+7).
   rElec:     It insulates you from electricity.
   rCorr:     It protects you from acid and corrosion.
   Will:      It decreases your willpower.
 p - the +7 dire flail of Kaku {flame, rN+ Str+3}
   (Trog gifted it to you in the Dungeon)

   It burns those it strikes, dealing additional fire damage.
   Str:       It affects your strength (+3).
   rN:        It protects you from negative energy.
 q - a +7 giant club of flaming
Armour
 b - a +2 robe of willpower (worn)
Jewellery
 k - a +3 ring of strength (left claw)
 l - a ring of protection from fire
 o - a ring of fire
 s - a ring of protection from fire
 u - an amulet of the acrobat (around neck)
 v - a +6 ring of strength (right claw)
 w - a ring of protection from cold
 x - a ring of protection from fire
Wands
 j - a wand of iceblast (6)
Scrolls
 h - 4 scrolls of blinking
 m - 2 scrolls of enchant armour
 n - 4 scrolls of enchant weapon
 r - a scroll of silence
 y - a scroll of fog
 A - a scroll of identify
Potions
 c - 10 potions of curing
 d - 5 potions of heal wounds
 e - a potion of haste
 f - 4 potions of magic
 g - 2 potions of berserk rage
 i - a potion of invisibility
 t - a potion of attraction
 z - 2 potions of might


   Skills:
 + Level 18.0 Fighting
 + Level 21.5 Maces & Flails
 + Level 13.7 Dodging
 + Level 1.8 Stealth
 + Level 2.1 Evocations


You had 12 spell levels left.
You didn't know any spells.
Your spell library was empty.

Dungeon Overview and Level Annotations

Branches:
Dungeon (1/1)

Altars:
Cheibriados
Dithmenos
Elyvilon
Fedhas
Gozag
Hepliaklqana
Kikubaaqudgha
Makhleb
Nemelex Xobeh
Okawaru
Qazlal
Ru
Sif Muna
Trog
Uskayaw
Vehumet
Wu Jian
Xom
Yredelemnul
Zin
The Shining One
Beogh
Jiyva
Lugonu

Shops:
D *(==


Innate Abilities, Weirdness & Mutations

You are too large for most types of armour.
You have claws for hands.
Your natural rate of healing is unusually fast.
You are covered in fur. (AC +1)
You have tough skin. (AC +1)


Message History

The sea snake is lightly wounded.
The sea snake bites you but does no damage.
The merfolk aquamancer hits you with a +0 rapier!
Unknown command.
Unknown command.
You barely miss the sea snake.
The sea snake is lightly wounded.
The sea snake bites you. The snapping turtle closely misses you.
You closely miss the sea snake. The sea snake bites you.
The merfolk aquamancer hits you with a +0 rapier!
* * * LOW HITPOINT WARNING * * *
The snapping turtle bites you from afar.
* * * LOW HITPOINT WARNING * * *
The sea snake bites you!!
* * * LOW HITPOINT WARNING * * *
Okay, then.
You feel much better.
The merfolk aquamancer closely misses you.
The snapping turtle bites you from afar.
* * * LOW HITPOINT WARNING * * *
The sea snake closely misses you.
The merfolk aquamancer barely misses you.
The snapping turtle bites you from afar!
* * * LOW HITPOINT WARNING * * *
Your skin crawls.
You feel strong-willed. The sea snake bites you!
* * * LOW HITPOINT WARNING * * *
The merfolk aquamancer misses you. The sea snake bites you!
* * * LOW HITPOINT WARNING * * *
The snapping turtle bites you from afar.
* * * LOW HITPOINT WARNING * * *
Unknown command.
You feel much better. The sea snake closely misses you.
The merfolk aquamancer closely misses you.
The snapping turtle bites you but does no damage.
The sea snake closely misses you.
The merfolk aquamancer hits you but does no damage.
The snapping turtle bites you from afar!!
You die...

▓.▓)▓.▓.▓.▓.▓.▓.▓)
▓.▓)▓.▓.▓.▓.▓.▓.▓†
▓.▓)▓.▓.▓.▓.▓.▓.▓)
▓.▓.▓.▓.▓'▓.▓.▓.▓.
▓.▓.▓.▓.▓)▓.▓[▓.▓.
▓†▓.▓)▓.▓)▓.▓.▓.▓.
▓)▓.▓)▓.▓)▓.▓.▓.▓'
▓m▓.▓)▓.▓)▓.▓.▓.▓_
▓@▓.▓)▓)▓)▓.▓.▓.▓_
▓S▓.▓)▓)▓)▓.▓.▓.▓_
▓t▓.▓)▓.▓)▓.▓.▓.▓_
▓m▓.▓)▓.▓)▓.▓†▓.▓_
▓.▓.▓)▓.▓.▓.▓†▓.▓_
▓.▓.▓.▓.▓.▓.▓.▓.▓_
▓.▓.▓[▓.▓)▓.▓)▓.▓_
♣+♣.▓[▓.▓.▓.▓†▓.▓_
♣.▓)▓.▓.▓.▓.▓.▓_


You could see a sea snake, a merfolk aquamancer, a snapping turtle and a
merfolk.

Vanquished Creatures
  Saint Roka (D)
  2 frost giants (D)
  A vampire knight (D)
  An ettin (D)
  A merfolk javelineer (D)
  Josephine (D)
  A boulder beetle (D)
  A catoblepas (D)
  2 ogre magi (D)
  2 two-headed ogres (D)
  A hydra (D)
  A satyr (D)
  A centaur warrior (D)
  3 death yaks (D)
  A deep troll earth mage (D)
  A spriggan berserker (D)
  4 deep trolls (D)
  A sea snake (D)
  A lindwurm (D)
  3 orc knights (D)
  An ugly thing (D)
  2 orc sorcerers (D)
  A manticore (D)
  A cyclops (D)
  A black mamba (D)
  2 cane toads (D)
  An unseen horror (D)
  A yaktaur (D)
  3 efreet (D)
  2 komodo dragons (D)
  A tengu conjurer (D)
  7 trolls (D)
  A merfolk (D)
  A dream sheep (D)
  A hornet (D)
  5 wraiths (D)
  9 yaks (D)
  Grum (D)
  A basilisk (D)
  2 water moccasins (D)
  8 orc warriors (D)
  An ogre (D)
  5 wolves (D)
  2 bullfrogs (D)
  2 gnoll sergeants (D)
  A scorpion (D)
  2 howler monkeys (D)
  5 orc priests (D)
  7 orc wizards (D)
  2 gnolls (D)
  A white imp (D)
  A worm (D)
  7 orcs (D)
  A ball python (D)
  A bat (D)
  A kobold (D)
  A rat (D)
122 creatures vanquished.

Vanquished Creatures (collateral kills)
  A cyclops (D)
1 creature vanquished.

Grand Total: 123 creatures vanquished

Notes
Turn   | Place    | Note
-------+----------+-------------------------------------------
     0 | D        | mhtbhm the Troll Berserker began the quest for the Orb.
     0 | D        | Reached XP level 1. HP: 22/22 MP: 0/0
    12 | D        | Reached ** piety under Trog
    13 | D        | Reached skill level 3 in Maces & Flails
    19 | D        | Reached XP level 2. HP: 13/31 MP: 1/1
    45 | D        | Noticed a scorpion
    49 | D        | Reached *** piety under Trog
    50 | D        | Reached skill level 4 in Maces & Flails
    50 | D        | Reached XP level 3. HP: 39/39 MP: 2/2
    59 | D        | Killed a scorpion
    60 | D        | Reached skill level 5 in Fighting
    60 | D        | Reached skill level 5 in Maces & Flails
    60 | D        | Reached XP level 4. HP: 50/50 MP: 3/3
    64 | D        | Reached **** piety under Trog
    65 | D        | Reached skill level 5 in Dodging
    90 | D        | Found a snail-covered altar of Cheibriados.
    90 | D        | Found a shadowy altar of Dithmenos.
    90 | D        | Found a white marble altar of Elyvilon.
    90 | D        | Found a blossoming altar of Fedhas.
    90 | D        | Found an opulent altar of Gozag.
    91 | D        | Found a hazy altar of Hepliaklqana.
    92 | D        | Found a viscous altar of Jiyva.
    93 | D        | Found an ancient bone altar of Kikubaaqudgha.
    94 | D        | Found a corrupted altar of Lugonu.
    95 | D        | Found a burning altar of Makhleb.
    96 | D        | Found a sparkling altar of Nemelex Xobeh.
    97 | D        | Found an iron altar of Okawaru.
    98 | D        | Found a stormy altar of Qazlal.
    99 | D        | Found a sacrificial altar of Ru.
   100 | D        | Found a shimmering blue altar of Sif Muna.
   101 | D        | Found a bloodstained altar of Trog.
   102 | D        | Found a hide-covered altar of Uskayaw.
   103 | D        | Found a radiant altar of Vehumet.
   104 | D        | Found an ornate altar of the Wu Jian Council.
   105 | D        | Found a shimmering altar of Xom.
   106 | D        | Found a basalt altar of Yredelemnul.
   107 | D        | Found a glowing silver altar of Zin.
   108 | D        | Found a glowing golden altar of the Shining One.
   141 | D        | Noticed a two-headed ogre
   141 | D        | Noticed a wraith
   141 | D        | Noticed a yak
   141 | D        | Noticed a hornet
   146 | D        | Killed a two-headed ogre
   147 | D        | Reached skill level 9 in Maces & Flails
   147 | D        | Reached XP level 5. HP: 63/63 MP: 4/4
   147 | D        | Reached XP level 6. HP: 72/72 MP: 5/5
   147 | D        | Reached XP level 7. HP: 80/80 MP: 6/6
   150 | D        | Killed a wraith
   151 | D        | Reached skill level 10 in Maces & Flails
   152 | D        | Killed a yak
   155 | D        | Reached XP level 8. HP: 89/89 MP: 7/7
   160 | D        | Killed an unseen horror
   160 | D        | Reached ***** piety under Trog
   161 | D        | Reached skill level 11 in Maces & Flails
   169 | D        | Paralysed by a hornet for 3 turns
   174 | D        | Killed a hornet
   208 | D        | Noticed a two-headed ogre
   208 | D        | Noticed a tengu conjurer
   208 | D        | Noticed a cyclops
   214 | D        | Killed a two-headed ogre
   214 | D        | Received a gift from Trog
   215 | D        | Reached skill level 12 in Maces & Flails
   215 | D        | Reached XP level 9. HP: 101/101 MP: 8/8
   218 | D        | Reached skill level 10 in Fighting
   223 | D        | Reached skill level 13 in Maces & Flails
   234 | D        | Killed a tengu conjurer
   238 | D        | Killed a cyclops
   377 | D        | Noticed a cane toad
   380 | D        | Killed a cane toad
   381 | D        | Reached skill level 14 in Maces & Flails
   384 | D        | Noticed a lindwurm
   389 | D        | Noticed a komodo dragon
   400 | D        | Reached skill level 10 in Dodging
   403 | D        | Killed a lindwurm
   403 | D        | Received a gift from Trog
   404 | D        | Reached skill level 15 in Maces & Flails
   404 | D        | Reached XP level 10. HP: 112/114 MP: 9/9
   446 | D        | Noticed a cane toad
   451 | D        | Noticed a boulder beetle
   454 | D        | Noticed a black mamba
   458 | D        | Killed a cane toad
   460 | D        | Reached ****** piety under Trog
   465 | D        | Reached skill level 16 in Maces & Flails
   466 | D        | Killed a black mamba
   466 | D        | Received a gift from Trog
   474 | D        | Killed a boulder beetle
   525 | D        | Noticed a catoblepas
   525 | D        | Noticed a death yak
   525 | D        | Noticed a death yak
   531 | D        | Killed a catoblepas
   532 | D        | Noticed a death yak
   537 | D        | Killed a death yak
   538 | D        | Reached skill level 17 in Maces & Flails
   538 | D        | Reached XP level 11. HP: 127/127 MP: 10/10
   541 | D        | Killed a death yak
   550 | D        | Killed a death yak
   557 | D        | Received a gift from Trog
   711 | D        | Received a gift from Trog
   722 | D        | Received a gift from Trog
   806 | D        | Noticed an orc knight
   811 | D        | Noticed an orc sorcerer
   815 | D        | Killed an orc knight
   816 | D        | Noticed an orc sorcerer
   824 | D        | Noticed an orc knight
   827 | D        | Killed an orc sorcerer
   828 | D        | Reached skill level 18 in Maces & Flails
   831 | D        | Killed an orc sorcerer
   831 | D        | Identified the +7 dire flail of Kaku {flame, rN+ Str+3}
                  | (Trog gifted it to you in the Dungeon)
   831 | D        | Received a gift from Trog
   932 | D        | Killed an orc knight
   987 | D        | Found Odevy's Assorted Antiques.
   987 | D        | Noticed a deep troll
   987 | D        | Noticed an ogre mage
   987 | D        | Noticed a deep troll
   992 | D        | Killed a deep troll
   992 | D        | Identified the +8 dire flail "Pujelaba" {vorpal, rElec
                  | Will- rCorr Str+7} (Trog gifted it to you in the Dungeon)
   992 | D        | Received a gift from Trog
   997 | D        | Found Aloupp's Antique Weapon Shoppe.
   997 | D        | Noticed an ogre mage
   999 | D        | Killed an ogre mage
  1004 | D        | Killed a deep troll
  1005 | D        | Reached skill level 15 in Fighting
  1005 | D        | Reached skill level 19 in Maces & Flails
  1007 | D        | Found Kedwooqa's Jewellery Emporium.
  1014 | D        | Killed an ogre mage
  1014 | D        | Received a gift from Trog
  1018 | D        | Noticed a deep troll
  1022 | D        | Found Zaots's Jewellery Shoppe.
  1024 | D        | Reached XP level 12. HP: 92/143 MP: 11/11
  1153 | D        | Received a gift from Trog
  1192 | D        | Bought a scroll labelled SAUCSA RAMUILESHRAS for 27 gold
                  | pieces
  1192 | D        | Bought a scroll of enchant armour for 202 gold pieces
  1192 | D        | Bought a scroll of identify for 54 gold pieces
  1192 | D        | Bought a coral ring for 135 gold pieces
  1192 | D        | Bought a potion of curing for 81 gold pieces
  1192 | D        | Bought a black potion for 24 gold pieces
  1196 | D        | Bought an amulet of the acrobat for 390 gold pieces
  1200 | D        | Bought a +6 ring of strength for 702 gold pieces
  1252 | D        | Noticed Josephine
  1262 | D        | Killed Josephine
  1295 | D        | Noticed Grum
  1300 | D        | Reached skill level 20 in Maces & Flails
  1303 | D        | Killed Grum
  1305 | D        | Received a gift from Trog
  1387 | D        | Noticed a seven-headed hydra
  1392 | D        | Killed a seven-headed hydra
  1393 | D        | Noticed a centaur warrior
  1405 | D        | Noticed a vampire knight
  1406 | D        | Noticed a deep troll earth mage
  1431 | D        | Killed a centaur warrior
  1457 | D        | Killed a vampire knight
  1457 | D        | Received a gift from Trog
  1900 | D        | Killed a deep troll earth mage
  1901 | D        | Reached skill level 1 in Evocations
  1929 | D        | Reached skill level 1 in Stealth
  1978 | D        | Noticed an ettin
  1983 | D        | Killed an ettin
  1989 | D        | Noticed a frost giant
  1997 | D        | Killed a frost giant
  1998 | D        | Reached skill level 21 in Maces & Flails
  2000 | D        | Noticed a frost giant
  2011 | D        | Killed a frost giant
  2011 | D        | Received a gift from Trog
  2263 | D        | Noticed Saint Roka
  2282 | D        | Killed Saint Roka
  2283 | D        | Reached XP level 13. HP: 120/157 MP: 12/12
  2286 | D        | Received a gift from Trog
  2354 | D        | Noticed a merfolk javelineer
  2365 | D        | Killed a merfolk javelineer
  2383 | D        | HP: 7/158 [snapping turtle (4)]
  2384 | D        | Slain by a snapping turtle

Illustrated notes

Levels and vault maps discovered:
D:        linesprint [early_d, line_temple, items_1, d_10, items_2, lair_1,
          lair_end, items_3, orc_1, orc_end, items_4, d_15, swamp_1, shoals_1,
          snake_1, spider_1, d_20, vaults_1, items_5, swamp_end, shoals_end,
          snake_end, spider_end, vaults_end, d_27, items_6, zot_1, zot_end,
          crypt_end, forest_end, elf_end, slime_end, tomb_end, abyss_end,
          pan_hell_end]

Skill      XL: |  1  2  3  4  5  6  7  8  9 10 11 12 13 |
---------------+----------------------------------------+-----
Maces & Flails | 3 4 5 9 10 12 15 17 19 21 | 21.5
Fighting       | 3 5 8 9 11 13 15 17 18 | 18.0
Dodging        | 3 4 7 8 9 10 11 13 | 13.7
Evocations     | 1 2 |  2.1
Stealth        | 1 |  1.8

Action                   |  1- 3 |  4- 6 |  7- 9 | 10-12 | 13-15 || total
-------------------------+-------+-------+-------+-------+-------++-------
Melee: Mace              |    13 |       |       |       |       ||    13
       Flail             |    11 |     5 |       |       |       ||    16
       Morningstar       |       |     4 |    52 |       |       ||    56
       Dire flail        |       |       |    21 |   184 |    26 ||   231
       Giant club        |       |       |       |    49 |       ||    49
Invok: Berserk           |     1 |     1 |     2 |     7 |     1 ||    12
       Brothers in Arms  |       |       |       |     2 |       ||     2
       Trog's Hand       |       |       |       |     1 |     1 ||     2
Evoke: Wand              |       |       |       |     4 |       ||     4
  Use: Scroll            |       |       |       |     5 |       ||     5
       Potion            |       |       |       |     2 |     2 ||     4
Armor: Animal skin       |     4 |     1 |    31 |     2 |       ||    38
       Robe              |       |       |       |    12 |     4 ||    16
Dodge: Dodged            |    15 |     4 |    35 |    87 |    19 ||   160

Table legend: (Time is in decaauts)
 A = Elapsed time spent in this place.
 B = Non-inter-level travel time spent in this place.
 C = Inter-level travel time spent in this place.
 D = Time resting spent in this place.
 E = Time spent auto-exploring this place.
 F = Levels seen in this place.
 G = Mean time per level.
                   A        B        C        D        E       F      G
               +--------+--------+--------+--------+--------+-----+--------+
         Total |   2347 |   2347 |      0 |    765 |    538 |   1 | 2347.0 |
       Dungeon |   2347 |   2347 |      0 |    765 |    538 |   1 | 2347.0 |
               +--------+--------+--------+--------+--------+-----+--------+

Top non-repeatable levels by time:
       D: 2347 daAuts
